 Dungeon Crawl Stone Soup version 0.24.0-37-gcf1ca852f1 (webtiles) character file.

Game seed: 13091184331498957207, levelgen mode: deterministic

6994 Delamore the Severer (level 11, -1/94 HPs)
             Began as a Hill Orc Fighter on Nov 28, 2019.
             Was a High Priest of Okawaru.
             Slain by Psyche
             ... wielding a +3 dagger of distortion
              (18 damage)
             ... on level 9 of the Dungeon.
             The game lasted 00:15:12 (9635 turns).

Delamore the Severer (Hill Orc Fighter)             Turns: 9635, Time: 00:15:13

Health: -1/94      AC: 19    Str: 23    XL:     11   Next: 8%
Magic:  11/11      EV:  5    Int:  8    God:    Okawaru [*****.]
Gold:   478        SH:  9    Dex: 10    Spells: 10/10 levels left

rFire    x . .     SeeInvis .   a - +0 war axe
rCold    . . .     Gourm    .   c - +0 shield
rNeg     . . .     Faith    .   z - +2 chain mail "Liqim" {rF- MR+ Regen+}
rPois    .         Spirit   .   p - +0 helmet
rElec    .         Reflect  .   (no cloak)
rCorr    .         Harm     .   K - +3 pair of gauntlets of War {Slay+5}
MR       +....                  D - +0 pair of boots
Stlth    ..........             (no amulet)
HPRegen  0.65/turn              q - +2 ring of protection
MPRegen  0.12/turn              (no ring)

@: no status effects
A: no striking features
a: Heroism, Finesse, Renounce Religion


You were on level 9 of the Dungeon.
You worshipped Okawaru.
Okawaru was extremely pleased with you.
You were not hungry.

You visited 2 branches of the dungeon, and saw 10 of its levels.
You also visited: Ossuary.

You collected 562 gold pieces.
You spent 84 gold pieces at shops.

Inventory:

Hand Weapons
 a - a +0 war axe (weapon)
 S - a cursed +2 battleaxe of draining
Missiles
 b - an atropa-tipped dart (quivered)
 x - 5 boomerangs of dispersal
 P - 6 boomerangs
Armour
 c - a +0 shield (worn)
 p - a +0 helmet (worn)
 z - the +2 chain mail "Liqim" (worn) {rF- MR+ Regen+}
   (You found it on level 4 of the Dungeon)

   It makes you vulnerable to fire.
   It affects your resistance to hostile enchantments.
   It increases your rate of regeneration.
 D - a +0 pair of boots (worn)
 E - a +0 chain mail of cold resistance
 K - the +3 pair of gauntlets of War (worn) {Slay+5}
   (You found it on level 7 of the Dungeon)

   It affects your accuracy and damage with ranged weapons and melee attacks
   (+5).
Jewellery
 q - a +2 ring of protection (left hand)
Wands
 o - a wand of flame (12)
 v - a wand of iceblast (6)
 B - a wand of polymorph (8)
 C - a wand of paralysis (8)
 M - a wand of digging (3)
Scrolls
 k - 5 scrolls of remove curse
 l - 3 scrolls of magic mapping
 n - 6 scrolls of teleportation
 t - 3 scrolls of amnesia
 u - 2 scrolls of immolation
 w - 2 scrolls of enchant armour
 y - 4 scrolls of fear
 H - 2 scrolls of fog
 L - a scroll of enchant weapon
 O - a scroll of blinking
 R - 3 scrolls of identify
Potions
 d - 5 potions of might
 e - a potion of degeneration {unknown}
 g - 3 potions of flight {unknown}
 h - 4 potions of curing
 i - 2 potions of ambrosia
 j - 6 potions of brilliance
 m - 5 potions of heal wounds
 r - 4 potions of resistance
 s - a potion of cancellation
 A - a potion of magic {unknown}
 F - a potion of invisibility {unknown}
 G - 3 potions of haste
 J - a potion of berserk rage
 N - 2 potions of mutation {unknown}
Comestibles
 f - 13 rations


   Skills:
 * Level 7.8 Fighting
 + Level 18.6 Axes
 - Level 3.2 Armour
 - Level 3.2 Shields


You had 10 spell levels left.
You didn't know any spells.
Your spell library was empty.

Dungeon Overview and Level Annotations

Branches:
Dungeon (9/15)             Temple (1/1) D:5             Orc (0/2) D:9
Ossuary (visited)
   Lair: D:8-11

Altars:
Ashenzari
Cheibriados
Dithmenos
Elyvilon
Fedhas
Gozag
Hepliaklqana
Kikubaaqudgha
Makhleb
Nemelex Xobeh
Okawaru
Qazlal
Ru
Sif Muna
Trog
Uskayaw
Vehumet
Wu Jian
Xom
Yredelemnul
Zin
The Shining One

Shops:
D:4 ?   D:5 :   D:6 *   D:7 [

Annotations:
D:7 2 transporters, VinVin's ghost, novice TrMo
D:8 3 runed translucent doors, farkougg's ghost, novice NaVM
D:9 Psyche


Message History

You hit Psyche.
Psyche is almost dead.
Psyche hits you but does no damage. Space bends around you.
You closely miss Psyche.
Psyche is almost dead.
Psyche casts a spell.
Psyche seems to speed up.
You hit Psyche.
Psyche is almost dead.
Psyche hits you but does no damage. Space bends around you.
Psyche casts a cantrip, but nothing happens.
You hit Psyche.
Psyche is almost dead.
Psyche casts a spell at you. The puff of flame hits you!
The fire burns you terribly!
* * * LOW HITPOINT WARNING * * *
Psyche hits you with a +3 dagger of distortion.
* * * LOW HITPOINT WARNING * * *
Space warps horribly around you!!
You die...

#.#### ##.#######
.....#######.#......#
#.##........###.###.#
#.####...###.#.####.#
..# #.....###.##....#
### ##...## ####.####
##.## #.# #.# #.# #.#
#@# ### #+## #@# ..#
##...## ..(
#.###.....## .....
#.##.......###.....#
#.#.........##.....#
..'.........'......(
#)#.........####...##
#.##.......#


You could see Psyche.

Vanquished Creatures
  Gastronok (D:8)
  Pikel (D:5)
  Prince Ribbit (D:7)
  A hippogriff (D:9)
  Sigmund (D:6)
  2 hungry ghosts (D:9)
  2 wargs (D:9)
  4 water moccasins
  2 slaves (D:5)
  4 ice beasts
  2 orc warriors
  A sky beast (D:7)
  A black bear (D:8)
  A necrophage (D:9)
  2 ogres
  3 phantoms
  A centaur (D:7)
  A big kobold (D:8)
  A bullfrog (D:7)
  A scorpion (D:7)
  6 killer bees (D:7)
  9 wights (D:8)
  2 howler monkeys
  4 crimson imps
  A quasit (D:4)
  A bullfrog zombie (D:8)
  6 orc wizards
  2 hounds
  7 orc priests
  3 jellies
  2 iguanas
  9 worker ants
  Natasha (thrice) (D:3)
  4 mummies
  Robin (D:2)
  A howler monkey zombie (D:6)
  A worker ant zombie (D:5)
  11 adders
  2 shadow imps
  An ooze (D:7)
  4 adder zombies
  An adder skeleton (D:8)
  2 worms
  4 leopard geckos
  23 orcs
  2 giant cockroaches
  18 goblins
  7 hobgoblins
  6 jackals
  14 kobolds
  8 quokkas
  2 ball pythons (D:4)
  5 bats
  5 frilled lizards
  A goblin zombie (Ossuary)
  4 hobgoblin zombies (Ossuary)
  4 kobold zombies (Ossuary)
  A leopard gecko skeleton (D:4)
  An orc zombie (Ossuary)
  2 quokka zombies (Ossuary)
  8 rats
  3 rat zombies (Ossuary)
234 creatures vanquished.

Vanquished Creatures (others)
  A centaur (D:5)
1 creature vanquished.

Grand Total: 235 creatures vanquished

Notes
Turn   | Place    | Note
-------+----------+-------------------------------------------
     0 | D:1      | Delamore the Hill Orc Fighter began the quest for the Orb.
     0 | D:1      | Reached XP level 1. HP: 19/19 MP: 1/1
   145 | D:1      | Reached skill level 3 in Axes
   369 | D:1      | Reached XP level 2. HP: 26/26 MP: 2/2
   442 | D:1      | Reached skill level 4 in Axes
   992 | D:2      | Reached XP level 3. HP: 31/31 MP: 3/3
  1019 | D:2      | Reached skill level 5 in Axes
  1299 | D:2      | Noticed Robin
  1310 | D:2      | Killed Robin
  1310 | D:2      | Reached XP level 4. HP: 16/39 MP: 4/4
  1358 | D:2      | Reached skill level 6 in Axes
  2077 | D:3      | Noticed Natasha
  2090 | D:3      | Killed Natasha
  2337 | D:3      | Reached XP level 5. HP: 45/45 MP: 5/5
  2378 | D:3      | Reached skill level 7 in Axes
  2612 | D:3      | Noticed Natasha
  2655 | D:3      | Killed Natasha
  2655 | D:3      | Reached skill level 8 in Axes
  2655 | D:3      | Reached XP level 6. HP: 22/51 MP: 6/6
  2828 | D:3      | Found a glowing golden altar of the Shining One.
  3113 | D:3      | Found a stormy altar of Qazlal.
  3116 | D:3      | Found a snail-covered altar of Cheibriados.
  3124 | D:3      | Noticed Natasha
  3126 | D:3      | Killed Natasha
  3139 | D:3      | Found a sparkling altar of Nemelex Xobeh.
  3139 | D:3      | Found a sacrificial altar of Ru.
  3139 | D:3      | Found a bloodstained altar of Trog.
  3139 | D:3      | Found a hazy altar of Hepliaklqana.
  3140 | D:3      | Found a glowing silver altar of Zin.
  3143 | D:3      | Found an ornate altar of the Wu Jian Council.
  3436 | D:4      | Noticed a phantom
  3464 | D:4      | Killed a phantom
  3464 | D:4      | Reached skill level 9 in Axes
  3669 | D:4      | Reached XP level 7. HP: 51/57 MP: 7/7
  3952 | D:4      | Found Goerutu's Magic Scroll Boutique.
  3955 | D:4      | Bought a scroll of identify for 24 gold pieces
  3955 | D:4      | Bought a scroll of random uselessness for 12 gold pieces
  3955 | D:4      | Bought a scroll of teleportation for 36 gold pieces
  3955 | D:4      | Bought a scroll of noise for 12 gold pieces
  4000 | D:4      | Reached skill level 10 in Axes
  4005 | D:4      | Got a polished chain mail
  4021 | D:4      | Identified the +2 chain mail "Liqim" {rF- MR+ Regen+} (You
                  | found it on level 4 of the Dungeon)
  4576 | D:5      | Entered Level 5 of the Dungeon
  4598 | D:5      | Found a staircase to the Ecumenical Temple.
  4642 | Temple   | Entered the Ecumenical Temple
  4663 | Temple   | Became a worshipper of Warmaster Okawaru
  4782 | D:5      | Noticed Pikel
  4800 | D:5      | Killed Pikel
  4800 | D:5      | Reached skill level 12 in Axes
  4800 | D:5      | Reached XP level 8. HP: 55/64 MP: 8/8
  5129 | D:5      | Reached * piety under Okawaru
  5148 | D:5      | Found a burning altar of Makhleb.
  5195 | D:5      | Found Buoro's Book Shoppe.
  5511 | D:6      | Found a sand-covered staircase.
  5525 | Ossuary  | Entered an ossuary
  5564 | Ossuary  | Reached skill level 13 in Axes
  6165 | D:6      | Noticed Sigmund
  6170 | D:6      | Killed Sigmund
  6170 | D:6      | Reached skill level 14 in Axes
  6170 | D:6      | Reached XP level 9. HP: 69/70 MP: 9/9
  6181 | D:6      | Found Weuts's Serpentskin Sales.
  6436 | D:7      | Found a blossoming altar of Fedhas.
  6441 | D:7      | Found the +3 pair of gauntlets of War {Slay+5}
  6540 | D:7      | Reached ** piety under Okawaru
  6544 | D:7      | Reached skill level 15 in Axes
  6643 | D:7      | Noticed Prince Ribbit
  6652 | D:7      | Killed Prince Ribbit
  6837 | D:7      | Reached skill level 16 in Axes
  6849 | D:7      | Found Cosagio's Armour Emporium.
  7026 | D:7      | Reached *** piety under Okawaru
  7217 | D:7      | Reached XP level 10. HP: 77/77 MP: 10/10
  7286 | D:7      | Found a bloodstained altar of Trog.
  7286 | D:7      | Noticed VinVin's ghost (novice TrMo)
  7286 | D:7      | Noticed a two-headed ogre
  7290 | D:7      | Found a transporter.
  7299 | D:7      | Noticed a moth of wrath
  7306 | D:7      | Found a transporter.
  7900 | D:8      | Noticed Gastronok
  7915 | D:8      | Killed Gastronok
  7915 | D:8      | Reached **** piety under Okawaru
  7915 | D:8      | Reached skill level 18 in Axes
  8213 | D:8      | Reached skill level 5 in Fighting
  8413 | D:8      | Found a runed translucent gate.
  8413 | D:8      | Found a runed translucent gate.
  8413 | D:8      | Found a runed translucent gate.
  8421 | D:8      | Noticed farkougg's ghost (novice NaVM)
  8932 | D:9      | Reached ***** piety under Okawaru
  9011 | D:9      | Found a staircase to the Orcish Mines.
  9293 | D:9      | Reached XP level 11. HP: 92/92 MP: 11/11
  9623 | D:9      | Noticed Psyche
  9635 | D:9      | Slain by Psyche

Levels and vault maps discovered:
D:1:      roderic_lyre, layout_loops_ring, due_unseen_surprise
D:2:      layout_basic, first_ration, uniq_robin
D:3:      layout_loops_ring, minitemple, nicolae_tso_swordbearing_angel,
          uniq_natasha
D:4:      layout_layer_cave, serial_shops, kennysheep_mini
D:5:      layout_loops_ring, temple_pool_b, serial_shops, nicolae_shop_crystal,
          basic_altar, uniq_pikel
D:6:      layout_loops_ring, gup_ossuary_entry_pyramid, guppyfry_shop_venom,
          uniq_sigmund
D:7:      layout_basic, nicolae_overflow_crystal_walls,
          gammafunk_ghost_wrathful_warriors, serial_shops, shop,
          uniq_prince_ribbit1
D:8:      layout_loops_corners, gammafunk_ghost_split, uniq_gastronok
D:9:      layout_loops_corners, minmay_orc_entry_guard_dogs, uniq_psyche
Temple:   hc_temple_tempest_star

Skill      XL: |  1  2  3  4  5  6  7  8  9 10 |
---------------+-------------------------------+-----
Axes           | 3 4 5 6 8 9 12 14 16 18 | 18.6
Fighting       | 7 |  7.8
Armour         | |  3.2
Shields        | |  3.2

Action                   |  1- 3 |  4- 6 |  7- 9 | 10-12 || total
-------------------------+-------+-------+-------+-------++-------
Melee: War axe           |    98 |   208 |   365 |   189 ||   860
Throw: Boomerang         |       |       |     1 |       ||     1
       Dart              |       |       |       |     3 ||     3
Invok: Heroism           |       |       |       |     1 ||     1
Evoke: Wand              |       |       |       |     1 ||     1
  Use: Scroll            |       |       |    12 |     4 ||    16
       Potion            |       |       |     1 |       ||     1
  Eat: Chunk             |     1 |     8 |    11 |     6 ||    26
       Ration            |       |       |       |     1 ||     1
Armor: Scale mail        |    54 |    74 |    25 |       ||   153
       Chain mail        |       |       |   155 |    68 ||   223
Dodge: Dodged            |    40 |    45 |   105 |    30 ||   220
Block: Shield            |    47 |    85 |   152 |    62 ||   346
